 Dungeon Crawl Stone Soup version 0.20-a0-266-gdedccd6 (webtiles) character file.

2559 roflturtle the Nimble (level 9, -1/75 HPs)
             Began as a Deep Dwarf Berserker on Dec 5, 2016.
             Was a Priest of Trog.
             Shot with an arrow by a centaur (4 damage)
             ... on level 7 of the Dungeon on Dec 6, 2016.
             The game lasted 00:38:05 (6074 turns).

roflturtle the Nimble (Deep Dwarf Berserker)        Turns: 6074, Time: 00:38:05

Health: -1/75      AC:  3    Str: 23    XL:     9   Next: 31%
Magic:  11/11      EV: 17    Int:  7    God:    Trog [***...]
Gold:   427        SH:  0    Dex: 18    Spells: 8/8 levels left

rFire  . . .     SeeInvis .     a - +0 hand axe (flame)
rCold  . . .     Gourm    .     C - +4 scale mail "Jiowif Cylai" {Dex+4}
rNeg   . . .     Faith    .     (no shield)
rPois  +         Spirit   .     (no helmet)
rElec  .         Reflect  .     (no cloak)
rCorr  +         Harm     .     (no gloves)
MR     +++..                    (no boots)
Stlth  ..........               (no amulet)
                                K - ring of resist corrosion
                                w - ring of poison resistance

@: corroded, non-regenerating
A: damage resistance, recharge devices, sense surroundings 2, slow regeneration
3
a: Device Recharging, Berserk, Trog's Hand, Burn Spellbooks, Renounce Religion


You were on level 7 of the Dungeon.
You worshipped Trog.
Trog was most pleased with you.
You were near starving.

You visited 1 branch of the dungeon, and saw 7 of its levels.

You collected 427 gold pieces.

Inventory:

Hand Weapons
 a - a +0 hand axe of flaming (weapon)
Missiles
 m - 50 bolts
 F - 10 tomahawks (quivered)
Armour
 b - a +0 shield
 C - the +4 scale mail "Jiowif Cylai" (worn) {Dex+4}
   (You found it on level 4 of the Dungeon)

   It affects your dexterity (+4).
Jewellery
 w - a ring of poison resistance (left hand)
 K - a ring of resist corrosion (right hand)
Wands
 c - a wand of heal wounds (3/9)
 n - a wand of confusion (20/48)
 s - a wand of digging (16/24)
 D - a wand of confusion (13/48)
Scrolls
 h - 3 scrolls of enchant armour {unknown}
 j - 4 scrolls of blinking
 p - 2 scrolls of remove curse
 u - a scroll of recharging {unknown}
 v - a scroll of immolation {unknown}
 x - 2 scrolls of amnesia {unknown}
 y - 2 scrolls of magic mapping {unknown}
 B - a scroll of enchant weapon {unknown}
 G - a scroll of fear {unknown}
 H - a scroll of teleportation {unknown}
 I - a scroll of noise {unknown}
Potions
 e - 6 potions of curing
 g - a potion of flight
 i - 3 potions of agility {unknown}
 l - 5 potions of haste {unknown}
 o - a potion of brilliance
 r - a potion of ambrosia
 t - a potion of magic
 z - 2 potions of degeneration {unknown}
 A - a potion of invisibility {unknown}
 J - a potion of heal wounds {unknown}
Books
 E - a book of Misfortune

   Spells                             Type                      Level
   a - Confusing Touch                Hexes                        1
   b - Confuse                        Hexes                        3
   c - Gell's Gravitas                Hexes/Translocation          3
   d - Petrify                        Transmutation/Earth          4
   e - Metabolic Englaciation         Hexes/Ice                    5
   f - Yara's Violent Unravelling     Hexes/Transmutation          5
   Trog disapproves of the use of such an item.
Comestibles
 d - 6 bread rations
 f - 2 fruits
 k - 2 meat rations
 q - 2 beef jerkies


   Skills:
 - Level 3.0 Fighting
 + Level 9.1 Axes
 - Level 4.1 Armour
 - Level 10.0 Dodging
 - Level 3.4 Evocations


You had 8 spell levels left.
You didn't know any spells.

Dungeon Overview and Level Annotations

Branches:
Dungeon (7/15)             Temple (0/1) D:5

Altars:
Ashenzari
Hepliaklqana
Nemelex Xobeh
Qazlal
Uskayaw
Vehumet
Xom

Shops:
D:6 %


Innate Abilities, Weirdness & Mutations

You are resistant to damage.
You can recharge devices by infusing magical energy.
You passively map the area around you.
You do not regenerate.


Message History

The centaur shoots an arrow.
The arrow barely misses you.
A gnoll sergeant comes into view. It is wielding a spear of venom.
The centaur unwields an uncursed shortbow.
The centaur hits you.
The gnoll hits you from afar with a spear.
The gnoll sergeant hits you from afar with a spear of venom!
You closely miss the centaur. The centaur completely misses you.
The gnoll hits you from afar with a spear.
The gnoll sergeant hits you from afar with a spear of venom!
* * * LOW HITPOINT WARNING * * *
The centaur hits you!
* * * LOW HITPOINT WARNING * * *
You hit the centaur. You burn the centaur.
The centaur is lightly wounded.
The gnoll misses you. The centaur hits you!
* * * LOW HITPOINT WARNING * * *
The gnoll sergeant hits you from afar with a spear of venom.
The centaur wields an uncursed shortbow.
The centaur shoots an arrow.
The arrow hits you.
You die...

, , , #.# * #.# , ,
, * #.# , * , * #.#
, , , * #.# * * *
#.# #
######.#######
#.####............#
#ggc.@((.(........#
######...(........#
#............#
##############


You could see a gnoll sergeant, a centaur and a gnoll.

Vanquished Creatures
  Pikel (D:4)
  Sigmund (D:5)
  Menkaure (D:5)
  A phantom (D:6)
  An orc warrior (D:6)
  A black bear (D:6)
  2 ice beasts (D:5)
  A centaur (D:6)
  2 ogres
  2 bullfrogs (D:6)
  A scorpion (D:4)
  A crimson imp (D:6)
  2 orc priests
  4 hounds
  3 jellies
  A centaur skeleton (D:4)
  5 iguanas
  Ijyb (D:2)
  5 orc wizards
  4 worker ants
  A hound skeleton (D:6)
  3 gnolls (D:3)
  2 worker ant zombies
  4 adders
  2 oozes
  8 worms
  4 leopard geckos
  26 orcs
  7 giant cockroaches
  8 hobgoblins
  11 jackals
  A quokka (D:4)
  A ball python (D:5)
  7 bats
  10 frilled lizards
  7 goblins
  6 kobolds
  5 rats
153 creatures vanquished.

Vanquished Creatures (others)
  An orc priest (D:3)
  A worker ant (D:4)
  2 orcs (D:3)
  A hobgoblin (D:3)
  A kobold (D:2)
6 creatures vanquished.

Grand Total: 159 creatures vanquished

Notes
Turn   | Place    | Note
-------+----------+-------------------------------------------
     0 | D:1      | roflturtle the Deep Dwarf Berserker began the quest for the Orb.
     0 | D:1      | Reached XP level 1. HP: 20/20 MP: 1/1
   735 | D:2      | Reached XP level 2. HP: 27/27 MP: 2/2
   877 | D:2      | Noticed Ijyb
   888 | D:2      | Killed Ijyb
   888 | D:2      | Reached skill level 3 in Dodging
   888 | D:2      | Reached XP level 3. HP: 33/33 MP: 3/3
  1149 | D:2      | Reached ** piety under Trog
  1152 | D:2      | Reached XP level 4. HP: 40/40 MP: 4/4
  1243 | D:2      | Found a stormy altar of Qazlal.
  1357 | D:3      | Found a radiant altar of Vehumet.
  1831 | D:3      | Reached skill level 5 in Axes
  1831 | D:3      | Reached XP level 5. HP: 15/49 MP: 5/5
  2021 | D:3      | Noticed an ogre
  2031 | D:3      | Killed an ogre
  2031 | D:3      | Reached skill level 4 in Dodging
  2031 | D:3      | Reached XP level 6. HP: 32/56 MP: 6/6
  2629 | D:4      | Noticed a slave
  2630 | D:4      | Noticed Pikel
  2630 | D:4      | Noticed a slave
  2645 | D:4      | Killed Pikel
  2645 | D:4      | Reached skill level 7 in Dodging
  2645 | D:4      | Reached XP level 7. HP: 50/62 MP: 7/7
  2753 | D:4      | Got a spiked scale mail
  2775 | D:4      | Identified the +4 scale mail "Jiowif Cylai" {Dex+4} (You found it on level 4 of the Dungeon)
  3187 | D:4      | Reached skill level 1 in Evocations
  3641 | D:5      | Entered Level 5 of the Dungeon
  3667 | D:5      | Reached XP level 8. HP: 50/69 MP: 10/10
  3731 | D:5      | Found a staircase to the Ecumenical Temple.
  3786 | D:5      | Found a shimmering altar of Xom.
  3787 | D:5      | Found a hazy altar of Hepliaklqana.
  3788 | D:5      | Noticed a spectral ugly thing
  4194 | D:5      | Noticed Sigmund
  4226 | D:5      | Killed Sigmund
  4418 | D:5      | Noticed Menkaure
  4422 | D:5      | Killed Menkaure
  4746 | D:5      | Reached skill level 8 in Dodging
  5152 | D:6      | Gained mutation: You passively map the area around you. [Deep Dwarf growth]
  5152 | D:6      | Reached XP level 9. HP: 9/75 MP: 11/11
  5182 | D:6      | Reached *** piety under Trog
  5182 | D:6      | Reached skill level 9 in Dodging
  5303 | D:6      | Found a shattered altar of Ashenzari.
  5493 | D:6      | Found a hide-covered altar of Uskayaw.
  5628 | D:6      | Found Wol Itos's Food Emporium.
  5681 | D:6      | Found a sparkling altar of Nemelex Xobeh.
  5933 | D:6      | Reached skill level 10 in Dodging
  6072 | D:7      | HP: 1/75 [centaur (7)]
  6074 | D:7      | Shot with an arrow by a centaur

Vault maps used:
D:1:      dpeg_arrival_orchard
D:2:      nicolae_qazlal_eye_of_the_storm, uniq_iyjb
D:3:      fiery_altar_vehumet, minmay_randomly_rotated_circles
D:4:      first_bread, minmay_lizard_king, uniq_pikel
D:5:      minmay_opposing_rooms, regret_index_temple_of_mockery,
          kennysheep_opposing_triangles, uniq_sigmund, uniq_menkaure
D:6:      evilmike_ruin_ashenzari, marbit_many_paths, lemuel_round_altar,
          serial_shops, shop, minmay_holes, wad_floor_pattern_untrapped
D:7:      kennysheep_mini_moat

Skill      XL: |  1  2  3  4  5  6  7  8  9 |
---------------+----------------------------+-----
Axes           | 4 5 6 9 |  9.1
Dodging        | 3 4 7 8 10 | 10.0
Armour         | 3 4 |  4.1
Fighting       | 3 |  3.0
Evocations     | 3 |  3.4

Action                   |  1- 3 |  4- 6 |  7- 9 || total
-------------------------+-------+-------+-------++-------
Melee: Hand axe          |    87 |   179 |   380 ||   646
Throw: Tomahawk          |       |       |     5 ||     5
Invok: Berserk           |     3 |     5 |     8 ||    16
       Trog's Hand       |       |     4 |    10 ||    14
Evoke: Wand              |       |     1 |     1 ||     2
  Use: Scroll            |       |       |     9 ||     9
  Eat: Chunk             |     3 |    10 |    21 ||    34
       Pizza             |       |       |     1 ||     1
Armor: Scale mail        |    23 |    67 |   110 ||   200
       Animal skin       |     2 |       |       ||     2
       Leather armour    |     1 |       |       ||     1
Dodge: Dodged            |    43 |   101 |   213 ||   357
